 Dungeon Crawl Stone Soup version 0.30-a0-1160-g6e42c06551 (webtiles) character file.

Game seed: 5638948054846863384

2547 kae the Ruffian (level 9, -9/75 HPs)
             Began as a Demigod Transmuter on Apr 25, 2023.
             Mangled by a two-headed ogre
             ... wielding a +0 giant club
              (23 damage)
             ... on level 8 of the Dungeon.
             The game lasted 00:06:51 (7537 turns).

kae the Ruffian (Demigod Transmuter)                Turns: 7537, Time: 00:06:52

Health: -9/75      AC: 12    Str: 15    XL:     9   Next: 9%
Magic:  14/20      EV: 10    Int: 23    God:
Gold:   1717       SH:  0    Dex: 20    Spells: 3/18 levels left

rFire   x .          .
                       - Unarmed
rCold   + + +        (shield currently unavailable)
rNeg    . . .        a - melded +0 robe
rPois   +            (helmet currently unavailable)
rElec   .            s - melded +2 cloak
rCorr   .            (gloves currently unavailable)
SInv    .            (boots currently unavailable)
Will    .....        (no amulet)
Stlth   ++           O - +4 ring of protection
HPRegen 0.32/turn    D - +6 ring of dexterity
MPRegen 0.17/turn

%: no passive effects
@: ice-form, very slightly contaminated
A: freezing attack, amphibious, boosted hp, large, high MP 1, forlorn, divine
attributes
a: End Transformation


You were on level 8 of the Dungeon.
You were a creature of crystalline ice.
You visited 1 branch of the dungeon, and saw 8 of its levels.

You collected 1717 gold pieces.


Innate Abilities, Weirdness & Mutations

You are a creature of crystalline ice.
You have a powerful freezing melee attack.
You are amphibious.
Your maximum health is increased.
Your armour is entirely melded.
You are incapable of wielding weapons or throwing items.
You have an increased reservoir of magic. (+10% MP)
You shall have no god before yourself.
Your divine heritage dramatically boosts your attributes as you level up.


   Skills:
 - Level 0.8 Fighting
 - Level 1.7 Dodging
 * Level 6.3 Unarmed Combat
 + Level 5.3 Spellcasting
 + Level 5.7 Transmutations
 * Level 5.5 Ice Magic
 - Level 2.5 Poison Magic


You had 3 spell levels left.
You knew the following spells:

 Your Spells              Type           Power      Damage    Failure   Level
a - Beastly Appendage     Tmut           64%        N/A       1%          1
b - Wereblood             Tmut           32%        N/A       1%          2
c - Spider Form           Tmut/Pois      25%        N/A       4%          3
d - Ice Form              Ice/Tmut       32%        N/A       9%          4
e - Blade Hands           Tmut           16%        N/A       24%         5

Your spell library contained the following spells:

 Spells                   Type           Power      Damage    Failure   Level
 Shock                    Conj/Air       24%        1d4       10%         1
 Call Canine Familiar     Summ           6%         N/A       28%         3
 Dazzling Flash           Conj/Hex       12%        N/A       28%         3
 Portal Projectile        Hex/Tloc       12%        N/A       28%         3
 Swiftness                Air            6%         N/A       28%         3
 Tukima's Dance           Hex            6%         N/A       28%         3
 Volatile Blastmotes      Fire/Tloc      12%        2d11      28%         3
 Airstrike                Air            3%         2d(1-17)  67%         4
 Iskenderun's Mystic Bla  Conj/Tloc      6%         2d4       67%         4
 Leda's Liquefaction      Hex/Erth       3%         N/A       67%         4
 Starburst                Conj/Fire      3%         6d3       100%        6

Inventory:

Missiles
 e - 45 stones
 k - a throwing net {=f!f}
 l - 9 poisoned darts
 m - a boomerang
Armour
 a - a +0 robe (melded)
 s - a +2 cloak (melded)
   (You found it on level 5 of the Dungeon)
Magical Staves
 r - a staff of air {!a}
   (You found it on level 4 of the Dungeon)
Jewellery
 D - a +6 ring of dexterity (right front paw)
   (You found it on level 6 of the Dungeon)
 O - a +4 ring of protection (left front paw)
   (You found it on level 5 of the Dungeon)
Wands
 f - a wand of iceblast (10)
   (You found it on level 5 of the Dungeon)
Scrolls
 p - 4 scrolls of teleportation {@r4}
Potions
 b - 2 potions of lignification {!q}
 d - a potion of ambrosia
 g - a potion of cancellation
 h - 4 potions of curing {@q1}
 i - a potion of might
 n - a potion of brilliance
 o - a potion of haste {@q3}

Dungeon Overview and Level Annotations

Branches:
Dungeon (8/15) Zot: 26888  Temple (0/1) D:4
   Lair: D:8-11

Shops:
D:6 [

Annotations:
D:8 Joseph, Prince Ribbit

.......># #...
..........##...
...........#...
..............
............#
...........#
..........<#
....#.....##
......SY...#
..#...†O........
##....#.......
#...###.......
#..# ....... ##.
#....#. .. #.#.#
... ...#


You could see a two-headed ogre and a water moccasin (slow).


Message History

Unknown command.
Done exploring.
Done exploring.
Unknown command.
Done exploring.
You start resting.
You warm up again.
Your +2 cloak unmelds from your body.
Your +0 robe unmelds from your body. 😕 HP[-10]
You now have 63 max hp (-12).
Unknown command.
You see here a +0 flail.
You see here a +0 dagger.
You see here a +0 flail.
Things that are here:
a +0 robe; a +0 dagger
There is an escape hatch in the floor here. 😕 HP[+9]
You regained 9 hp, and now have 62/63 hp.
There is a stone staircase leading down here. 😎 HP[+1]
Your hp is fully restored (63).
You climb downwards.
Level annotation: Joseph, Prince Ribbit
Found a scroll of fear.
Found a stone staircase leading down.
There is a stone staircase leading up here.
Casting: Wereblood (safe; 1% risk of failure)
Confirm with . or Enter, or press ? or * to list all spells.
You miscast Ice Form.
You are very lightly contaminated with residual magic.
Multicoloured lights dance before your eyes. 😎 MP[-4]
You lost 4 mp, and now have 16/20 mp.
Casting: Ice Form (dangerous; 10% risk of failure)
Confirm with . or Enter, or press ? or * to list all spells.
You turn into a creature of crystalline ice.
Your +2 cloak melds into your body.
Your +0 robe melds into your body. 😎 HP[+12] MP[-4]
You now have 75 max hp (+12).
Your hp is fully restored (75).
You lost 4 mp, and now have 12/20 mp.
A water moccasin comes into view.
The water moccasin hisses angrily.
The bullfrog croaks.
You hear two shouts!
The bullfrog hits you but does no damage.
You pummel the bullfrog!!
The bullfrog seems to slow down.
You freeze the bullfrog.
The bullfrog hits you but does no damage. 😎 MP[+1]
You barely miss the bullfrog.
The bullfrog hits you but does no damage.
The water moccasin completely misses you.
You pummel the bullfrog!!
The bullfrog seems to slow down.
You freeze the bullfrog.
You kill the bullfrog!
The water moccasin barely misses you.
You barely miss the water moccasin. The water moccasin bites you!
You are poisoned.
The water moccasin poisons you!
A two-headed ogre comes into view.
It is wielding a +0 giant club and a +0 giant spiked club.
You punch the water moccasin! You freeze the water moccasin.
You feel very sick. The water moccasin barely misses you.
The water moccasin bites you but does no damage. 😕 HP[-11]
You take 11 damage, and now have 64/75 hp.
You closely miss the water moccasin.
You feel very sick.
The water moccasin bites you but does no damage.
You closely miss the water moccasin.
You feel very sick.
The water moccasin closely misses you. 😕 HP[-6] MP[+1]
You take 6 damage, and now have 58/75 hp.
You hit the water moccasin.
The water moccasin seems to slow down.
You freeze the water moccasin.
You feel sick. The water moccasin barely misses you.
You hit the water moccasin.
The water moccasin seems to slow down.
You freeze the water moccasin.
You feel sick.
The two-headed ogre hits you with a +0 giant club.
The two-headed ogre hits you with a +0 giant spiked club!!
* * * LOW HITPOINT WARNING * * *
The water moccasin bites you but does no damage. 😨 HP[-30]
You take 30 damage, and now have 28/75 hp.
MASSIVE DAMAGE!! (PAUSE)
Okay, then.
You feel much better.
You feel sick. The water moccasin closely misses you.
The two-headed ogre hits you with a +0 giant club!!
* * * LOW HITPOINT WARNING * * *
The two-headed ogre hits you with a +0 giant spiked club!!
* * * LOW HITPOINT WARNING * * *
😱 HP[-26]
You take 26 damage, and now have 2/75 hp.
MASSIVE DAMAGE!! (PAUSE)
Okay, then.
You feel better.
The water moccasin misses you. 😱 HP[+12]
You regained 12 hp, and now have 14/75 hp.
You barely miss the water moccasin.
The two-headed ogre hits you with a +0 giant club!!
You die...

Skill      XL: |  1  2  3  4  5  6  7  8 |
---------------+-------------------------+-----
Transmutations | 2 3 4 5 |  5.7
Spellcasting   | 2 3 4 5 |  5.3
Poison Magic   | 1 2 |  2.5
Unarmed Combat | 3 4 6 |  6.3
Ice Magic      | 2 3 5 |  5.5
Fighting       | |  0.8
Dodging        | |  1.7

Action                     |  1- 3 |  4- 6 |  7- 9 || total
---------------------------+-------+-------+-------++-------
  Melee: Unarmed           |   149 |   137 |   216 ||   502
         Kick              |    24 |       |       ||    24
         Headbutt          |    14 |       |       ||    14
   Cast: Beastly Appendage |    42 |       |       ||    42
         Spider Form       |     2 |    22 |     1 ||    25
         Wereblood         |       |     4 |    12 ||    16
         Ice Form          |       |       |    30 ||    30
    Use: Scroll            |     2 |     7 |     8 ||    17
         Potion            |       |     1 |     2 ||     3
   Stab: Sleeping          |     1 |       |       ||     1
 Armour: Robe              |    39 |     1 |       ||    40
         Skin              |       |     5 |   100 ||   105
  Dodge: Dodged            |    91 |   109 |   110 ||   310

Levels and vault maps discovered:
D:1:      wander_arrival_abandoned_jail, layout_basic, basic_ecumenical_altar
D:2:      layout_loops_cross
D:3:      layout_loops_corners, item_on_display_a, uniq_grinder
D:4:      layout_loops_cross, tso_altar, amcnicky_altar_gilded,
          minmay_temple_entry_gardened_gates
D:5:      layout_rooms, lemuel_round_altar, minitemple, uniq_menkaure
D:6:      layout_loops_ring, serial_shops, nicolae_shop_stone
D:7:      layout_loops_ring, yredelemnul_altar_generic, grunt_dithmenos_shadows
D:8:      layout_cave_pools, mainiacjoe_overflow_alcove_4, serial_park,
          serial_park_tiny_pond, serial_park_tiny_pond, serial_park_tiny_2,
          serial_park_tiny_2, uniq_psyche, uniq_joseph, uniq_prince_ribbit1

Notes
Turn   | Place    | Note
-------+----------+-------------------------------------------
     0 | D:1      | kae the Demigod Transmuter began the quest for the Orb.
     0 | D:1      | Reached XP level 1. HP: 15/15 MP: 5/5
     0 | D:1      | magus.rc [v1.11.3]
    67 | D:1      | Reached skill level 2 in Transmutations
   110 | D:1      | Reached skill level 2 in Spellcasting
   123 | D:1      | Reached XP level 2. HP: 22/22 MP: 5/7
   260 | D:1      | Reached skill level 1 in Poison Magic
   451 | D:1      | You pick up a book of Air and begin reading...
   451 | D:1      | You add the spells Shock, Swiftness and Airstrike to your
                  | library.
   540 | D:1      | You pick up a book of the Hunter and begin reading...
   540 | D:1      | You add the spells Call Canine Familiar, Portal Projectile
                  | and Leda's Liquefaction to your library.
   744 | D:1      | You pick up a book of Spectacle and begin reading...
   744 | D:1      | You add the spells Volatile Blastmotes, Dazzling Flash,
                  | Iskenderun's Mystic Blast and Starburst to your library.
   844 | D:1      | Reached XP level 3. HP: 27/27 MP: 7/9
   847 | D:1      | Learned a level 2 spell: Wereblood
   851 | D:1      | Learned a level 3 spell: Spider Form
  1896 | D:3      | Noticed Grinder
  2386 | D:3      | Reached XP level 4. HP: 28/34 MP: 3/10
  2413 | D:3      | Noticed a gnoll sergeant
  2427 | D:3      | Killed a gnoll sergeant
  2428 | D:3      | Reached skill level 3 in Transmutations
  2428 | D:3      | Reached skill level 2 in Poison Magic
  2436 | D:3      | Reached skill level 3 in Spellcasting
  2436 | D:3      | Reached XP level 5. HP: 24/38 MP: 6/12
  2441 | D:3      | HP: 6/38 [gnoll/+0 spear[a gnoll sergeant] (7)]
  2772 | D:3      | Killed Grinder
  2773 | D:3      | Reached skill level 4 in Transmutations
  2773 | D:3      | Reached XP level 6. HP: 13/46 MP: 7/14
  2778 | D:3      | Learned a level 4 spell: Ice Form
  3185 | D:4      | Reached skill level 3 in Unarmed Combat
  3436 | D:4      | Reached skill level 1 in Ice Magic
  3675 | D:4      | Found a staircase to the Ecumenical Temple.
  3739 | D:4      | Reached skill level 4 in Spellcasting
  4236 | D:5      | Entered Level 5 of the Dungeon
  4399 | D:5      | Reached skill level 2 in Ice Magic
  4399 | D:5      | Reached XP level 7. HP: 43/51 MP: 12/16
  4523 | D:5      | Reached skill level 4 in Unarmed Combat
  4592 | D:5      | Reached skill level 3 in Ice Magic
  5226 | D:5      | Noticed Menkaure
  5238 | D:5      | Killed Menkaure
  5239 | D:5      | Reached XP level 8. HP: 58/58 MP: 14/18
  5410 | D:5      | Identified a scroll of acquirement
  5410 | D:5      | Acquired 1217 gold pieces
  5567 | D:6      | Found Voedabu's Armour Shoppe.
  5645 | D:6      | Reached skill level 5 in Transmutations
  5712 | D:6      | Reached skill level 5 in Unarmed Combat
  5712 | D:6      | Reached skill level 4 in Ice Magic
  5812 | D:6      | You pick up a book of Weapons and begin reading...
  5812 | D:6      | You add the spells Tukima's Dance and Blade Hands to your
                  | library.
  6347 | D:6      | Learned a level 5 spell: Blade Hands
  6392 | D:7      | Reached skill level 5 in Spellcasting
  6696 | D:7      | Reached skill level 5 in Ice Magic
  6716 | D:7      | Reached skill level 6 in Unarmed Combat
  7097 | D:7      | Reached XP level 9. HP: 63/63 MP: 17/20
  7448 | D:8      | Noticed Joseph
  7450 | D:8      | Noticed Prince Ribbit
  7529 | D:8      | Noticed a two-headed ogre
  7535 | D:8      | HP: 2/75 [two-headed ogre/+0 giant club (21)]
  7537 | D:8      | Mangled by a two-headed ogre

Vanquished Creatures
  Grinder (D:3)
  Menkaure (D:5)
  An orc warrior (D:7)
  A black bear (D:5)
  2 ogres
  A centaur (D:7)
  A phantom (D:5)
  A gnoll sergeant (D:3)
  2 bullfrogs
  4 scorpions
  3 wights (D:7)
  A howler monkey (D:6)
  4 hounds
  A jelly (D:5)
  8 orc priests
  3 iguanas
  A sleepcap (D:6)
  11 orc wizards
  6 adders
  14 gnolls
  A shadow imp (D:7)
  2 ufetubi
  A worm (D:2)
  2 dart slugs
  27 orcs
  13 endoplasms
  3 giant cockroaches
  7 goblins
  10 hobgoblins
  6 jackals
  6 kobolds
  4 quokkas
  7 ball pythons
  7 bats
  4 frilled lizards
  7 rats
174 creatures vanquished.

Vanquished Creatures (others)
  An orc wizard (D:7)
  2 plants (D:4)
  A withered plant (D:7)
4 creatures vanquished.

Grand Total: 178 creatures vanquished

Table legend:
 A = Non-vault XP
 B = Vault XP
 C = Vault XP percentage of total XP
 D = Non-vault monster count
 E = Vault monster count
 F = Vault count percentage of total count
                 A         B        C        D         E       F
            +---------+---------+-------+---------+---------+-------
      Total |    3201 |     438 |  12.0 |     172 |       3 |   1.7
            +---------+---------+-------+---------+---------+-------
        D:1 |      50 |       0 |   0.0 |      31 |       0 |   0.0
        D:2 |      55 |       0 |   0.0 |      17 |       0 |   0.0
        D:3 |     161 |     258 |  61.6 |      16 |       1 |   5.9
        D:4 |     278 |       0 |   0.0 |      25 |       0 |   0.0
        D:5 |     779 |     169 |  17.8 |      24 |       1 |   4.0
        D:6 |     578 |       0 |   0.0 |      18 |       0 |   0.0
        D:7 |    1038 |      11 |   1.0 |      33 |       1 |   2.9
        D:8 |     262 |       0 |   0.0 |       8 |       0 |   0.0
            +---------+---------+-------+---------+---------+-------

Skill      XL: |  1  2  3  4  5  6  7  8 |
---------------+-------------------------+-----
Transmutations | 2 3 4 5 |  5.7
Spellcasting   | 2 3 4 5 |  5.3
Poison Magic   | 1 2 |  2.5
Unarmed Combat | 3 4 6 |  6.3
Ice Magic      | 2 3 5 |  5.5
Fighting       | |  0.8
Dodging        | |  1.7

Action                     |  1- 3 |  4- 6 |  7- 9 || total
---------------------------+-------+-------+-------++-------
  Melee: Unarmed           |   149 |   137 |   216 ||   502
         Kick              |    24 |       |       ||    24
         Headbutt          |    14 |       |       ||    14
   Cast: Beastly Appendage |    42 |       |       ||    42
         Spider Form       |     2 |    22 |     1 ||    25
         Wereblood         |       |     4 |    12 ||    16
         Ice Form          |       |       |    30 ||    30
    Use: Scroll            |     2 |     7 |     8 ||    17
         Potion            |       |     1 |     2 ||     3
   Stab: Sleeping          |     1 |       |       ||     1
 Armour: Robe              |    39 |     1 |       ||    40
         Skin              |       |     5 |   100 ||   105
  Dodge: Dodged            |    91 |   109 |   110 ||   310

Illustrated notes

Table legend:
 A = Kills in this place as a percentage of kills in the entire game.
 B = Kills by you in this place as a percentage of kills by you in the entire game.
 C = Kills by friends in this place as a percentage of kills by friends in the entire game.
 D = Other kills in this place as a percentage of other kills in the entire game.
 E = Experience gained in this place as a percentage of experience gained in the entire game.
 F = Experience gained in this place divided by the number of levels of this place that you have seen.
                   A       B       C       D       E      F
               +-------+-------+-------+-------+-------+----------------------
         Total | 100.0 | 100.0 |   N/A | 100.0 | 100.0 | 454.9
       Dungeon | 100.0 | 100.0 |   N/A | 100.0 | 100.0 | 454.9
               +-------+-------+-------+-------+-------+----------------------

Table legend: (Time is in decaauts)
 A = Elapsed time spent in this place.
 B = Non-inter-level travel time spent in this place.
 C = Inter-level travel time spent in this place.
 D = Time resting spent in this place.
 E = Time spent auto-exploring this place.
 F = Levels seen in this place.
 G = Mean time per level.
                   A        B        C        D        E       F      G
               +--------+--------+--------+--------+--------+-----+--------+
         Total |   7502 |   7186 |    316 |    141 |   5697 |   8 |  937.8 |
       Dungeon |   7502 |   7186 |    316 |    141 |   5697 |   8 |  937.8 |
               +--------+--------+--------+--------+--------+-----+--------+

Top non-repeatable levels by time:
     D:4: 1285 daAuts
     D:3: 1232 daAuts
     D:7: 1114 daAuts
     D:1: 1091 daAuts
     D:5: 992 daAuts
     D:6: 938 daAuts
     D:2: 804 daAuts
     D:8: 44 daAuts
